 Dungeon Crawl Stone Soup version 0.29-a0-819-g94b489e0ae (webtiles) character file.

Game seed: 9451624577445842873

3251 Zonian the Storyteller (level 9, -2/61 HPs)
             Began as a Demonspawn Ice Elementalist on July 7, 2022.
             Was a Believer of Hepliaklqana.
             Slain by an orc warlord
             ... wielding a +0 broad axe
              (26 damage)
             ... in a bailey.
             The game lasted 00:29:52 (9777 turns).

Zonian the Storyteller (DsIE)                       Turns: 9777, Time: 00:29:52

Health: -2/61      AC:  9    Str: 16    XL:     9   Next: 67%
Magic:  21/25      EV: 13    Int: 22    God:    Hepliaklqana [**....]
Gold:   440        SH:  4    Dex: 15    Spells: 1/12 levels left

rFire   . . .      SeeInvis .   o - +2 dagger (venom)
rCold   . . .      Faith    .   (no shield)
rNeg    . . .      Spirit   .   a - +0 robe
rPois   .          Reflect  .   (helmet restricted)
rElec   .          Harm     .   F - +0 cloak
rCorr   .          Rampage  .   i - +0 pair of gloves
Will    .....                   x - +1 pair of boots "Deseirche" {Int+4}
Stlth   ++........              (no amulet)
HPRegen 0.20/turn               n - ring of magical power
MPRegen 0.19/turn               w - +6 ring of strength

@: freezing walls
A: reduced essence, horns 1, molten scales 2, spiny 1, condensation shield
a: Renounce Religion, Recall Ancestor, Ancestor Identity


You were in a bailey.
You worshipped Hepliaklqana.
Hepliaklqana was pleased with you.
You visited 2 branches of the dungeon, and saw 10 of its levels.
You also visited: Sewer and Bailey.

You collected 440 gold pieces.

Inventory:

Hand Weapons
 c - a +1 vampiric short sword
 f - a +0 war axe
 j - a +0 rapier
 o - a +2 dagger of venom (weapon)
 K - the +4 battleaxe of the Saviour {protect, rCorr}
   (You found it on level 7 of the Dungeon)

   It grants its wielder temporary protection when it strikes (+7 to AC).
   rCorr:     It protects you from acid and corrosion.
Missiles
 r - 7 javelins
 y - 6 poisoned darts
 P - 11 boomerangs
Armour
 a - a +0 robe (worn)
 i - a +0 pair of gloves (worn)
 u - a +0 scale mail of fire resistance
 x - the +1 pair of boots "Deseirche" (worn) {Int+4}
   (You acquired it on level 5 of the Dungeon)

   Int:       It affects your intelligence (+4).
 F - a +0 cloak (worn)
Magical Staves
 v - a staff of conjuration
Jewellery
 n - a ring of magical power (left hand)
 s - a ring of ice
 w - a +6 ring of strength (right hand)
 E - a ring of protection from fire
 G - a ring of protection from fire
Wands
 L - a wand of quicksilver (3)
Scrolls
 d - 3 scrolls of immolation
 k - 4 scrolls of summoning
 l - a scroll of teleportation
 B - a scroll of silence
 C - 2 scrolls of identify
 I - a scroll of fog
 J - 3 scrolls of enchant armour
 N - a scroll of fear {unknown}
 O - a scroll of blinking {unknown}
Potions
 b - 2 potions of degeneration
 e - 3 potions of might
 g - 2 potions of mutation
 h - 3 potions of attraction
 m - 3 potions of haste
 p - a potion of lignification {unknown}
 q - a potion of curing
 t - a potion of ambrosia {unknown}
 z - 3 potions of cancellation
 A - 2 potions of magic
 D - 2 potions of berserk rage {unknown}
 H - a potion of resistance {unknown}
 M - a potion of invisibility {unknown}


   Skills:
 - Level 5.0 Fighting
 - Level 5.0 Short Blades
 + Level 2.8 Dodging
 - Level 2.2 Stealth
 - Level 2.3 Spellcasting
 - Level 8.0 Ice Magic
 - Level 10.0 Invocations


You had one spell level left.
You knew the following spells:

 Your Spells              Type           Power      Damage    Failure   Level
a - Freeze                Ice            100%       1d11      1%          1
b - Frozen Ramparts       Ice            74%        1d9       1%          3
c - Hailstorm             Conj/Ice       20%        3d6       26%         4
d - Ozocubu's Armour      Ice            37%        N/A       1%          3

Your spell library contained the following spells:

 Spells                   Type           Power      Damage    Failure   Level
 Ice Form                 Ice/Tmut       20%        N/A       26%         4
 Summon Ice Beast         Ice/Summ       20%        N/A       26%         4
 Conjure Flame            Conj/Fire      2%         6-21      36%         3
 Dazzling Flash           Conj/Hex       4%         N/A       36%         3
 Ignite Poison            Fire/Tmut/Pois 2%         N/A       36%         3
 Sticky Flame             Conj/Fire      2%         2d3       78%         4
 Agony                    Necr           2%         N/A       98%         5
 Silence                  Hex/Air        1%         N/A       98%         5


Dungeon Overview and Level Annotations

Branches:
Dungeon (9/15)             Temple (1/1) D:4            Lair (0/6) D:9
  Sewer (visited)          Bailey (1/1)
    Orc: D:9-12

Altars:
Ashenzari
Cheibriados
Dithmenos
Fedhas
Gozag
Hepliaklqana
Kikubaaqudgha
Makhleb
Nemelex Xobeh
Okawaru
Qazlal
Sif Muna
Trog
Uskayaw
Vehumet
Wu Jian
Xom
Yredelemnul

Annotations:
D:2 Sigmund
D:4 1 runed translucent door, zhov's ghost, amateur DsHu


Innate Abilities, Weirdness & Mutations

Your life essence is reduced to manifest your ancestor. (-10% HP)
You have a pair of small horns on your head.
You are mostly covered in molten scales. (AC +3)
You are partially covered in sharp spines.
A meltable shield of frost defends you. (SH +4)


Message History

The wall freezes the orc warlord!
The orc warlord is struck by your spines.
The orc warlord hits you with a +0 broad axe!
Unknown command.
Casting: Frozen Ramparts (safe; 1% risk of failure)
Confirm with . or Enter, or press ? or * to list all spells.
You can't see any susceptible monsters within range! (Use Z to cast anyway.) Unknown command.
You closely miss the orc warlord.
The orc warlord is lightly wounded.
The wall freezes the orc warlord.
The orc warlord is struck by your spines.
The orc warlord hits you with a +0 broad axe!!
You hit the orc warlord. You headbutt the orc warlord.
The orc warlord is lightly wounded.
You hit the orc warlord but do no damage.
The orc warlord is poisoned.
The orc warlord is lightly wounded.
The wall freezes the orc warlord.
The orc warlord completely misses you.
Casting: Frozen Ramparts (safe; 1% risk of failure)
Confirm with . or Enter, or press ? or * to list all spells.
Aiming: Freeze (safe; 1% risk of failure)
Press: ? - help, Shift-Dir - straight line, f - orc warlord
Aim: an orc warlord, wielding a +0 broad axe, wearing a +0 ring mail and wearing an amulet of the acrobat (lightly wounded, very poisoned, ally target)
You freeze the orc warlord!
The orc warlord is moderately wounded.
The wall freezes the orc warlord.
The orc warlord hits you with a +0 broad axe.
The orc warlord hits Gideon with a +0 broad axe.
Gideon closely misses the orc warlord.
Casting: Freeze (safe; 1% risk of failure)
Confirm with . or Enter, or press ? or * to list all spells.
Aiming: Freeze (safe; 1% risk of failure)
Press: ? - help, Shift-Dir - straight line, f/p - orc warlord
Aim: an orc warlord, wielding a +0 broad axe, wearing a +0 ring mail and wearing an amulet of the acrobat (moderately wounded, very poisoned, ally target)
You freeze the orc warlord.
The orc warlord is moderately wounded.
The wall freezes the orc warlord.
The orc warlord hits you with a +0 broad axe!!
You die...

....##8.8...8.8≈##.).#
.....#.........≈≈'...#
.....#....∩....≈≈'...#
.....#.........≈≈'...#
....##8.8...8.8≈##...#
....#≈?........≈#....##
...)#≈......≈#≈≈#.....##
...†##≈≈g#≈≈ ####o.....##
....†#########..@R..8...#
..8))†))...).)).........#
......†#≈≈≈≈≈#).........#
.......#≈≈≈≈≈#...8..8..##
..8...##≈≈≈≈≈##.......##
.....##.......##.....##
#...##.........##...##
#####♣♣♣.....♣♣♣#####
♣♣♣∩♣♣♣


You could see the friendly Gideon the knight and an orc warlord (very poisoned,
ally target).

Vanquished Creatures
  A guardian serpent (shapeshifter) (D:9)
  A troll (D:9)
  A water moccasin (D:5)
  2 orc warriors (Bailey)
  A black bear (D:5)
  An ogre (D:6)
  2 kobold brigands (Sewer)
  3 bullfrogs
  3 scorpions
  8 wights
  A jelly (D:6)
  4 hounds
  2 orc priests
  3 orc wizards
  Robin (D:4)
  4 gnolls
  7 adders
  A river rat (Sewer)
  A worm (D:2)
  3 dart slugs
  23 orcs
  7 ball pythons
  6 endoplasms
  7 giant cockroaches
  25 goblins
  15 hobgoblins
  6 jackals
  8 quokkas
  9 bats
  2 frilled lizards (Sewer)
  12 kobolds
  9 rats
179 creatures vanquished.

Vanquished Creatures (collateral kills)
  A wyvern (D:8)
  3 orc warriors
  An ogre (D:6)
  2 centaurs
  An iguana (D:7)
  5 orcs
  A goblin (Bailey)
  3 hobgoblins (Bailey)
  A bat (D:3)
  2 kobolds (Bailey)
20 creatures vanquished.

Vanquished Creatures (others)
  4 ancestors
  31 fungi (D:9)
  42 plants
77 creatures vanquished.

Grand Total: 276 creatures vanquished

Notes
Turn   | Place    | Note
-------+----------+-------------------------------------------
     0 | D:1      | Zonian the Demonspawn Ice Elementalist began the quest for
                  | the Orb.
     0 | D:1      | Reached XP level 1. HP: 13/13 MP: 3/3
   477 | D:1      | Gained mutation: A meltable shield of frost defends you.
                  | (SH +4) [demonic ancestry]
   477 | D:1      | Reached XP level 2. HP: 19/19 MP: 3/5
  1664 | D:1      | Gained mutation: You are partially covered in molten
                  | scales. (AC +2) [demonic ancestry]
  1664 | D:1      | Reached XP level 3. HP: 22/24 MP: 6/6
  2014 | D:2      | Noticed Sigmund
  2966 | D:3      | Found a glowing drain.
  2984 | Sewer    | Entered a sewer
  3070 | Sewer    | Reached XP level 4. HP: 17/30 MP: 7/7
  3204 | Sewer    | Noticed a kobold brigand
  3309 | Sewer    | Killed a kobold brigand
  3310 | Sewer    | Reached skill level 5 in Ice Magic
  3310 | Sewer    | Gained mutation: You are partially covered in sharp spines.
                  | [demonic ancestry]
  3310 | Sewer    | Reached XP level 5. HP: 26/35 MP: 8/8
  4287 | D:3      | Reached XP level 6. HP: 34/41 MP: 9/9
  4897 | D:3      | Learned a level 3 spell: Frozen Ramparts
  4902 | D:3      | Learned a level 4 spell: Hailstorm
  5188 | D:4      | Found a staircase to the Ecumenical Temple.
  5219 | Temple   | Entered the Ecumenical Temple
  5408 | Temple   | Became a worshipper of Hepliaklqana the Forgotten
  5544 | D:4      | Reached skill level 1 in Invocations
  5554 | D:4      | HP: 1/41 [poisoned by an orc wizard]
  5556 | D:4      | Reached skill level 2 in Invocations
  5994 | D:4      | Noticed Robin
  6006 | D:4      | Reached XP level 7. HP: 33/46 MP: 10/10
  6011 | D:4      | Reached skill level 3 in Invocations
  6138 | D:4      | Killed Robin
  6530 | D:4      | Found a runed translucent door.
  6531 | D:4      | Noticed zhov's ghost (amateur DsHu)
  6806 | D:5      | Entered Level 5 of the Dungeon
  6818 | D:5      | Reached skill level 4 in Invocations
  7166 | D:5      | Reached * piety under Hepliaklqana
  7208 | D:5      | Reached skill level 5 in Invocations
  7570 | D:5      | Identified a scroll of acquirement
  7570 | D:5      | Acquired the +1 pair of boots "Deseirche" {Int+4}
  7698 | D:6      | Gained mutation: You have a pair of small horns on your
                  | head. [demonic ancestry]
  7698 | D:6      | Reached XP level 8. HP: 40/46 MP: 12/12
  7863 | D:6      | Reached skill level 6 in Invocations
  8041 | D:6      | Learned a level 3 spell: Ozocubu's Armour
  8171 | D:6      | Reached skill level 7 in Invocations
  8267 | D:6      | Reached skill level 8 in Invocations
  8719 | D:7      | Reached skill level 9 in Invocations
  8967 | D:7      | Reached skill level 10 in Invocations
  8992 | D:7      | Reached skill level 1 in Short Blades
  9002 | D:7      | Identified the +4 battleaxe of the Saviour {protect, rCorr}
  9155 | D:7      | You fall into a shaft and drop 2 floors!
  9169 | D:9      | Noticed a meliai
  9169 | D:9      | Noticed a troll
  9169 | D:9      | Noticed a troll
  9176 | D:9      | Found a staircase to the Lair.
  9176 | D:9      | Noticed a komodo dragon
  9182 | D:9      | Noticed a cyan ugly thing
  9190 | D:9      | Noticed a guardian serpent
  9202 | D:9      | Killed a guardian serpent
  9203 | D:9      | Gained mutation: You are mostly covered in molten scales.
                  | (AC +3) [demonic ancestry]
  9203 | D:9      | Reached XP level 9. HP: 28/51 MP: 16/16
  9297 | D:9      | Killed a troll
  9298 | D:9      | Reached skill level 5 in Short Blades
  9353 | D:8      | Reached ** piety under Hepliaklqana
  9358 | D:8      | Remembered your ancestor Gideon as a knight
  9522 | D:8      | Found a flagged portal.
  9547 | Bailey   | Entered a bailey
  9552 | Bailey   | Noticed an orc warlord
  9627 | Bailey   | Found a runed translucent gate.
  9629 | Bailey   | Found a runed translucent gate.
  9631 | Bailey   | Found a runed translucent gate.
  9652 | Bailey   | Reached skill level 5 in Fighting
  9777 | Bailey   | Slain by an orc warlord

Illustrated notes

Levels and vault maps discovered:
D:1:      lemuel_arrival_river_ford, layout_basic, minmay_vboxes
D:2:      layout_basic, kennysheep_crisscross, minivault_5,
          minmay_strange_pillars, serial_bayou_pond_b, minivault_4,
          minivault_26, kennysheep_cross_room, uniq_sigmund
D:3:      cheibrodos_greedy_goblins, layout_basic, gup_sewer_entry_pipe
D:4:      layout_cave_pods, minmay_temple_entry_stoned_glass,
          ebering_ghost_sewer_d, nrook_uturn, uniq_robin
D:5:      layout_basic
D:6:      layout_basic
D:7:      layout_rooms
D:8:      layout_rooms, enter_bailey_2, serial_shops,
          nicolae_inconvenience_store, grunt_decor_mini_mirrors
D:9:      minmay_opposing_rooms, layout_rooms, due_lair_maze_entry_diamond,
          kennysheep_generic_room_13, uniq_psyche, uniq_joseph
Temple:   mainiacjoe_temple_archimedes_tessellation
Bailey:   bailey_axe_bossmonster_kennysheep, bailey

Skill      XL: |  1  2  3  4  5  6  7  8  9 |
---------------+----------------------------+-----
Dodging        | 2 |  2.8
Stealth        | 2 |  2.2
Ice Magic      | 4 5 6 7 8 |  8.0
Invocations    | 2 5 10 | 10.0
Short Blades   | 4 5 |  5.0
Fighting       | 5 |  5.0
Spellcasting   | |  2.3

Action                   |  1- 3 |  4- 6 |  7- 9 || total
-------------------------+-------+-------+-------++-------
Melee: Short sword       |   100 |    50 |       ||   150
       Unarmed           |     1 |       |       ||     1
       Punch             |     1 |       |       ||     1
       Dagger            |       |     1 |   133 ||   134
       Headbutt          |       |       |    28 ||    28
 Cast: Freeze            |    56 |    64 |    46 ||   166
       Frozen Ramparts   |       |     2 |     7 ||     9
       Ozocubu's Armour  |       |       |     1 ||     1
Invok: Ancestor Identity |       |       |     1 ||     1
       Recall Ancestor   |       |       |     1 ||     1
       Ancestor Life: Kn |       |       |     1 ||     1
Evoke: Wand              |       |       |     4 ||     4
  Use: Potion            |     1 |     2 |       ||     3
       Scroll            |     3 |    11 |     8 ||    22
 Stab: Sleeping          |     1 |     1 |     1 ||     3
       Distracted        |       |       |     1 ||     1
Armor: Robe              |    42 |    24 |    42 ||   108
Dodge: Dodged            |   113 |    36 |    76 ||   225
Block: Other             |    33 |    17 |    34 ||    84

Table legend: (Time is in decaauts)
 A = Elapsed time spent in this place.
 B = Non-inter-level travel time spent in this place.
 C = Inter-level travel time spent in this place.
 D = Time resting spent in this place.
 E = Time spent auto-exploring this place.
 F = Levels seen in this place.
 G = Mean time per level.
                   A        B        C        D        E       F      G
               +--------+--------+--------+--------+--------+-----+--------+
         Total |   9966 |   9778 |    188 |   2517 |   4767 |  12 |  830.5 |
       Dungeon |   8332 |   8175 |    157 |   2160 |   4157 |   9 |  925.8 |
        Temple |    219 |    188 |     31 |      0 |    171 |   1 |  219.0 |
         Sewer |   1189 |   1189 |      0 |    357 |    438 |   1 | 1189.0 |
        Bailey |    224 |    224 |      0 |      0 |      0 |   1 |  224.0 |
               +--------+--------+--------+--------+--------+-----+--------+

Top non-repeatable levels by time:
     D:1: 1906 daAuts
     D:4: 1682 daAuts
     D:3: 1302 daAuts
   Sewer: 1189 daAuts
     D:6: 989 daAuts
     D:2: 959 daAuts
     D:5: 660 daAuts
     D:7: 444 daAuts
     D:8: 230 daAuts
  Bailey: 224 daAuts
  Temple: 219 daAuts
     D:9: 156 daAuts
